 Dungeon Crawl Stone Soup version 0.28.0 (webtiles) character file.

Game seed: 10896225696825887399

45472 theElss the Fighter (level 14, -1/142 HPs)
             Began as a Gargoyle Berserker on Feb 19, 2022.
             Was a High Priest of Trog.
             Slain by an anaconda simulacrum (13 damage)
             ... in an ice cave.
             The game lasted 00:35:11 (18496 turns).

theElss the Fighter (Gargoyle Berserker)           Turns: 18496, Time: 00:35:12

Health: -1/142     AC: 30    Str: 25    XL:     14   Next: 33%
Magic:  14/14      EV:  8    Int: 17    God:    Trog [*****.]
Gold:   1173       SH:  0    Dex: 11    Spells: 13/13 levels left

rFire   . . .      SeeInvis .   m - +12 whip of True Grit {drain, Will- Str-3 Int+10}
rCold   + . .      Faith    .   (no shield)
rNeg    + . .      Spirit   .   u - +0 plate armour
rPois   ∞          Reflect  .   C - +1 hat
rElec   +          Harm     .   q - +0 cloak
rCorr   .          Rampage  .   O - +0 pair of gloves {Str+3}
Will    .....                   (no boots)
Stlth   ..........              B - amulet of the acrobat
HPRegen 0.33/turn               n - ring of protection from cold
MPRegen 0.14/turn               (no ring)

@: berserking, flying, constricted, very quick
A: sickness immunity, AC +10, big wings, negative energy resistance 1,
electricity resistance, torment resistance 1, petrification resistance
a: Renounce Religion, Berserk, Trog's Hand, Brothers in Arms


You were in an ice cave.
You worshipped Trog.
Trog was extremely pleased with you.
You visited 2 branches of the dungeon, and saw 17 of its levels.
You also visited: Ice Cave.

You collected 1173 gold pieces.

Inventory:

Hand Weapons
 a - a +0 mace
 m - the +12 whip of True Grit (weapon) {drain, Will- Str-3 Int+10}
   (You found it on level 4 of the Dungeon)

   A truly terrible weapon, it drains the life of any living foe it strikes.
   Str:       It affects your strength (-3).
   Int:       It affects your intelligence (+10).
   Will:      It decreases your willpower.
Missiles
 P - a throwing net (quivered)
Armour
 q - a +0 cloak (worn)
 u - a +0 plate armour (worn)
 C - a +1 hat (worn)
 O - a +0 pair of gloves of strength (worn)
Jewellery
 c - a ring of fire
 n - a ring of protection from cold (left hand)
 B - an amulet of the acrobat (around neck)
 G - a +6 ring of intelligence
Wands
 f - a wand of charming (12)
 l - a wand of flame (64)
 r - a wand of iceblast (9)
 H - a wand of paralysis (6)
 N - a wand of digging (14)
Scrolls
 e - 7 scrolls of teleportation
 g - 7 scrolls of enchant weapon
 i - 2 scrolls of vulnerability {unknown}
 k - 2 scrolls of blinking {unknown}
 p - 7 scrolls of fog {unknown}
 v - a scroll of silence {unknown}
 w - a scroll of identify
 y - a scroll of summoning {unknown}
 A - a scroll of immolation {unknown}
 D - 2 scrolls of enchant armour {unknown}
 F - 3 scrolls of magic mapping {unknown}
 I - a scroll of holy word {unknown}
 J - a scroll of noise {unknown}
 K - a scroll of amnesia {unknown}
 L - a scroll of brand weapon {unknown}
 M - a scroll of fear {unknown}
Potions
 b - a potion of might
 d - 2 potions of lignification
 h - 7 potions of curing
 j - a potion of experience
 o - a potion of ambrosia
 s - 2 potions of haste
 t - a potion of flight
 x - 3 potions of attraction
 z - a potion of heal wounds
 E - a potion of degeneration
 Q - a potion of berserk rage {unknown}


   Skills:
 + Level 13.9 Fighting
 + Level 12.8 Maces & Flails
 + Level 13.7 Armour
 + Level 10.7 Dodging


You had 13 spell levels left.
You didn't know any spells.
Your spell library was empty.

Dungeon Overview and Level Annotations

Branches:
Dungeon (11/15)            Temple (0/1) D:7            Lair (6/6) D:8
 Shoals (0/4) Lair:3        Snake (0/4) Lair:3        Slime (0/5) Lair:5
  IceCv (1/1)
    Orc: D:9-12

Altars:
Xom
Lugonu

Shops:
D:2 (   D:7 (   D:9 *

Portals:
Abyss: Lair:6

Annotations:
D:4 2 runed translucent doors, Zgarb's ghost, novice DjCj


Innate Abilities, Weirdness & Mutations

You are immune to sickness and miasma.
Your stone body is resilient. (AC +10)
You are immune to poison.
Your large and strong wings let you fly.
You resist negative energy. (rN+)
You are resistant to electric shocks. (rElec)
You are resistant to unholy torment.
You are immune to petrification.


Message History

You resist.
* * * LOW HITPOINT WARNING * * *
The anaconda simulacrum bites you.
* * * LOW HITPOINT WARNING * * *
The anaconda simulacrum freezes you! You resist.
* * * LOW HITPOINT WARNING * * *
The anaconda simulacrum constricts you.
The anaconda simulacrum bites you but does no damage.
You feel much better.
The anaconda simulacrum completely misses you.
The anaconda simulacrum constricts you. The anaconda simulacrum bites you.
* * * LOW HITPOINT WARNING * * *
The anaconda simulacrum freezes you! You resist.
* * * LOW HITPOINT WARNING * * *
The anaconda simulacrum bites you but does no damage.
The anaconda simulacrum constricts you.
The anaconda simulacrum bites you but does no damage.
Your deep troll goes berserk!
The anaconda simulacrum bites you but does no damage.
The anaconda simulacrum constricts you.
The anaconda simulacrum bites you but does no damage.
You feel much better.
The anaconda simulacrum closely misses you.
The anaconda simulacrum constricts you. The anaconda simulacrum bites you!
* * * LOW HITPOINT WARNING * * *
The anaconda simulacrum freezes you! You resist.
* * * LOW HITPOINT WARNING * * *
The anaconda simulacrum bites you but does no damage.
The anaconda simulacrum constricts you.
* * * LOW HITPOINT WARNING * * *
Your deep troll closely misses the anaconda simulacrum.
Your deep troll claws the anaconda simulacrum but does no damage.
Your deep troll barely misses the anaconda simulacrum.
The anaconda simulacrum completely misses you.
A red film seems to cover your vision as you go berserk!
You feel yourself moving faster!
You feel mighty! The anaconda simulacrum bites you.
* * * LOW HITPOINT WARNING * * *
The anaconda simulacrum freezes you! You resist.
You die...

# #. .#..###
#..⌠...##
#...ZZ##
#@T# ###
##.#
##.###..#
#....#..# ##
##.....§## .
##..###.§§#
.#
##..#####○##
#.##
#...###.#☼#
##..#
##..###...##
#...#


You could see 2 anaconda simulacra and a friendly deep troll (summoned,
berserk).

Vanquished Creatures
  Gastronok (Lair:2)
  7 hydras
  Fannar (Lair:2)
  2 two-headed ogres
  2 thrashing horrors (Lair:6)
  2 large abominations (Lair:6)
  An ugly thing (Lair:6)
  6 black mambas
  4 elephants (Lair:6)
  A merfolk siren (Lair:3)
  A gargoyle (D:10)
  10 cane toads
  3 smoke demons (Lair:6)
  An entropy weaver simulacrum (IceCv)
  3 rime drakes
  An efreet (D:9)
  3 ancient zymes (Lair:6)
  8 komodo dragons
  A troll (D:6)
  7 polar bears
  15 blink frogs (Lair:6)
  5 dream sheep (Lair:6)
  5 wyverns
  A wraith (D:7)
  A ynoxinul (Lair:6)
  3 basilisks
  A chaos spawn (Lair:6)
  35 yaks
  A death yak simulacrum (IceCv)
  8 nagas (Lair:3)
  18 water moccasins
  2 acid dragons (D:10)
  2 orc warriors
  3 black bears
  2 ice beasts
  2 sky beasts
  25 wolves
  A boggart (shapeshifter) (Lair:6)
  4 boggarts (Lair:4)
  2 ogres
  A necrophage (D:6)
  5 phantoms
  5 centaurs
  3 scorpions
  18 bullfrogs
  2 two-headed ogre simulacra (IceCv)
  A water moccasin zombie (D:7)
  2 water moccasin skeletons
  An elephant simulacrum (IceCv)
  13 small abominations (Lair:6)
  4 killer bees (D:9)
  5 wights (D:9)
  3 howler monkeys
  A bullfrog zombie (D:6)
  6 centaur zombies
  4 jellies
  4 orc priests
  2 hounds (D:7)
  A gnoll shaman (D:7)
  A bullfrog skeleton (D:5)
  Ijyb (D:4)
  4 iguanas
  3 orc wizards
  2 troll simulacra (IceCv)
  2 killer bee zombies
  A hound zombie (D:5)
  A hound skeleton (D:4)
  3 howler monkey zombies
  5 adders
  5 gnolls (D:7)
  2 naga simulacra (IceCv)
  2 white imps
  2 ufetubi
  A dart slug (D:5)
  2 worms
  12 orcs
  7 bats
  6 endoplasms
  4 giant cockroaches
  11 goblins
  9 hobgoblins
  4 jackals (D:2)
  3 quokkas
  4 ball pythons
  4 frilled lizards
  7 kobolds
  6 rats
396 creatures vanquished.

Vanquished Creatures (collateral kills)
  Sonja (Lair:4)
1 creature vanquished.

Vanquished Creatures (others)
  31 fungi
  46 plants
77 creatures vanquished.

Grand Total: 474 creatures vanquished

Notes
Turn   | Place    | Note
-------+----------+-------------------------------------------
     0 | D:1      | theElss the Gargoyle Berserker began the quest for the Orb.
     0 | D:1      | Reached XP level 1. HP: 14/14 MP: 1/1
   291 | D:1      | Reached XP level 2. HP: 18/19 MP: 2/2
  1246 | D:2      | Reached XP level 3. HP: 23/24 MP: 3/3
  1569 | D:2      | Found a faded altar of an unknown god.
  1649 | D:2      | Reached XP level 4. HP: 29/29 MP: 4/4
  1747 | D:2      | Found Sadghuija's Antique Weapon Boutique.
  2115 | D:3      | Noticed a phantom
  2178 | D:4      | Reached ** piety under Trog
  2190 | D:4      | Found a runed translucent door.
  2191 | D:4      | Noticed Zgarb's ghost (novice DjCj)
  2191 | D:4      | Noticed a bullfrog
  2362 | D:4      | Reached XP level 5. HP: 27/33 MP: 5/5
  2419 | D:4      | Noticed an ogre
  2430 | D:4      | Killed an ogre
  2747 | D:4      | Reached XP level 6. HP: 34/39 MP: 6/6
  2850 | D:4      | Identified the +12 whip of True Grit {drain, Will- Str-3
                  | Int+10}
  3385 | D:4      | Noticed Ijyb
  3391 | D:4      | Killed Ijyb
  3445 | D:4      | Found a runed translucent door.
  3495 | D:5      | Entered Level 5 of the Dungeon
  3754 | D:5      | Noticed a sky beast
  3764 | D:5      | Killed a sky beast
  3765 | D:5      | Reached skill level 5 in Fighting
  3765 | D:5      | Reached XP level 7. HP: 39/44 MP: 7/7
  4204 | D:5      | Reached skill level 5 in Maces & Flails
  4209 | D:5      | Reached skill level 5 in Armour
  4229 | D:5      | Reached XP level 8. HP: 50/51 MP: 8/8
  4296 | D:5      | Reached *** piety under Trog
  5446 | D:6      | Noticed a troll
  5462 | D:6      | Killed a troll
  5463 | D:6      | Reached XP level 9. HP: 56/56 MP: 9/9
  5580 | D:6      | Reached skill level 5 in Dodging
  5843 | D:7      | Found Hyraagi's Weapon Shop.
  6283 | D:7      | Found a staircase to the Ecumenical Temple.
  6826 | D:8      | Noticed a two-headed ogre
  6835 | D:8      | Killed a two-headed ogre
  6836 | D:8      | Reached XP level 10. HP: 65/65 MP: 10/10
  6921 | D:8      | Reached **** piety under Trog
  7119 | D:8      | Found a staircase to the Lair.
  7248 | D:8      | Found a shimmering altar of Xom.
  7713 | D:9      | Found Neuxoz's Needful Niceties.
  8657 | D:9      | Noticed a two-headed ogre
  8662 | D:9      | Killed a two-headed ogre
  8769 | Lair:1   | Entered Level 1 of the Lair of Beasts
  8769 | Lair:1   | Noticed a cane toad
  8778 | Lair:1   | Killed a cane toad
  8779 | Lair:1   | Reached XP level 11. HP: 71/71 MP: 11/11
  9569 | Lair:2   | Reached skill level 10 in Fighting
  9711 | Lair:2   | Noticed Fannar
  9726 | Lair:2   | Killed Fannar
  9789 | Lair:2   | Noticed an eight-headed hydra
  9800 | Lair:2   | Killed an eight-headed hydra
  9801 | Lair:2   | Reached skill level 10 in Armour
  9937 | Lair:2   | Noticed a six-headed hydra
  9950 | Lair:2   | Killed a six-headed hydra
 10268 | Lair:2   | Reached skill level 10 in Maces & Flails
 10368 | Lair:2   | Noticed a six-headed hydra
 10377 | Lair:2   | Killed a six-headed hydra
 10378 | Lair:2   | Reached XP level 12. HP: 80/80 MP: 12/12
 10546 | Lair:1   | Noticed a five-headed hydra
 10555 | Lair:1   | Killed a five-headed hydra
 10651 | Lair:2   | Noticed Gastronok
 10671 | Lair:2   | Killed Gastronok
 10893 | Lair:2   | Noticed a seven-headed hydra
 10902 | Lair:2   | Killed a seven-headed hydra
 11493 | Lair:3   | Found a staircase to the Shoals.
 11792 | Lair:3   | Found a staircase to the Snake Pit.
 12749 | Lair:4   | Noticed Sonja
 12756 | Lair:4   | Killed Sonja
 12849 | Lair:4   | Reached XP level 13. HP: 86/86 MP: 13/13
 13883 | Lair:5   | Found a staircase to the Slime Pits.
 14332 | Lair:6   | Entered Level 6 of the Lair of Beasts
 14410 | Lair:6   | Reached ***** piety under Trog
 14669 | Lair:6   | Received a gift from Trog
 14937 | Lair:6   | Reached skill level 10 in Dodging
 15639 | Lair:6   | Gained mutation: Your large and strong wings let you fly.
                  | [Gargoyle growth]
 15639 | Lair:6   | Reached XP level 14. HP: 73/94 MP: 14/14
 17162 | Lair:6   | Found a corrupted altar of Lugonu.
 17162 | Lair:6   | Found a one-way gate to the infinite horrors of the Abyss.
 17546 | D:10     | Entered Level 10 of the Dungeon
 18336 | D:11     | Found a frozen archway.
 18352 | IceCv    | Entered an ice cave
 18363 | IceCv    | Received a gift from Trog
 18496 | IceCv    | Slain by an anaconda simulacrum

Illustrated notes

Levels and vault maps discovered:
D:1:      dpeg_arrival_round_b, layout_basic
D:2:      kennysheep_big_flooded_room, layout_basic,
          shapermc_ecumenical_altar_ellora, serial_shops,
          nicolae_shop_advertising_works [nicolae_subvault_shop_adworks]
D:3:      layout_basic
D:4:      kennysheep_the_goblin_king, layout_basic, ebering_ghost_sewer_f,
          hangedman_decor_clover_reticule
D:5:      layout_loops_corners, kennysheep_generic_room_14
D:6:      layout_rooms
D:7:      layout_cave_pods, minmay_temple_entry_enclosed_plants, serial_shops,
          nicolae_shop_behind_doors
D:8:      layout_cave_pools, nicolae_overflow_crystal_walls, lair_entry_dummy
D:9:      layout_cave_pods, serial_bayou_ford_a, nicolae_alphabet_shops
D:10:     layout_basic
D:11:     layout_cave_pods, portal_ice_cave_rime
Lair:1:   layout_small_grid, lemuel_fruit_fields, lemuel_fruit_tree
Lair:2:   layout_cellular_growth, uniq_gastronok, uniq_fannar
Lair:3:   layout_roguey, elwin_shoals_entry_rooms,
          minmay_snake_entry_guardpost_large, grunt_forest_small_clearings,
          minivault_26, cheibrodos_lair_lostbears
Lair:4:   layout_long_grid, kilobyte_rumbling_trees, uniq_sonja
Lair:5:   layout_cave_pods, nicolae_slime_entry_slimehenge,
          infiniplex_staircase_pool_2, grunt_megastairs_4
Lair:6:   hellmonk_lair_end_abyssal_woods, layout_gridlike
IceCv:    ice_cave_caverns_02

Skill      XL: |  1  2  3  4  5  6  7  8  9 10 11 12 13 |
---------------+----------------------------------------+-----
Dodging        | 2 3 4 6 7 8 9 10 | 10.7
Armour         | 3 4 5 6 8 9 10 12 13 | 13.7
Fighting       | 4 5 6 8 9 11 12 13 | 13.9
Maces & Flails | 4 5 6 7 8 10 11 12 | 12.8

Action                   |  1- 3 |  4- 6 |  7- 9 | 10-12 | 13-15 || total
-------------------------+-------+-------+-------+-------+-------++-------
Melee: Mace              |    82 |    96 |       |       |       ||   178
       Whip              |       |    36 |   215 |   542 |   731 ||  1524
       Punch             |       |     2 |     2 |     9 |    10 ||    23
Invok: Berserk           |     1 |     3 |     3 |    11 |     4 ||    22
       Trog's Hand       |       |       |       |     1 |       ||     1
       Brothers in Arms  |       |       |       |     1 |     1 ||     2
  Use: Scroll            |       |     4 |     2 |     6 |     2 ||    14
       Potion            |       |       |       |       |     2 ||     2
Armor: Animal skin       |     3 |       |       |       |       ||     3
       Leather armour    |    13 |       |       |       |       ||    13
       Chain mail        |    26 |    96 |    37 |       |       ||   159
       Plate armour      |       |       |    76 |   248 |   333 ||   657
Dodge: Dodged            |    50 |    63 |    61 |   192 |   348 ||   714
